Map: Cyber Forest LE

Players

Juchel

  • Race: Terran Terran
  • League: Gold
  • Spawn Location: 11:00

SandboX - Winner!

  • Race: Zerg Zerg
  • League: Gold
  • Spawn Location: 5:00

VOD

Have the link to the VOD?

Description

Time

  • Played on: Aug. 14, 2019, 9:42 p.m.
  • Length: 7:52
Show
View Real Time Build Order
Export as new Build Order

Juchel Terran 

Build Orders:  

Get SALT Encoding   

  12  0:02  SCV  
  13  0:14  SCV  
  13  0:18  Supply Depot  
  14  0:26  SCV  
  15  0:32  Refinery  
  15  0:39  SCV  
  16  0:47  Barracks  
  16  0:56  Supply Depot  
  16  1:02  Refinery  
  16  1:07  SCV  
  17  1:39  Orbital Command  
  17  1:48  Barracks Tech Lab  
  17  1:52  Factory  
  17  2:08  SCV  
  18  2:13  Marine  
  19  2:20  SCV  
  20  2:29  Ghost Academy  
  20  2:30  Marine  
  21  2:41  Factory Tech Lab  
  21  2:42  Barracks  
  21  2:51  SCV  
  21  2:59  Starport  
  21  3:11  Ghost  
  23  3:17  SCV  
  24  3:30  SCV  
  24  3:32  Barracks Tech Lab  
  25  3:39  Medivac  
  27  3:42  SCV  
  27  3:45  Infernal Pre-Igniter  
  28  3:54  SCV  
  29  4:02  Supply Depot  
  29  4:09  Medivac  
  31  4:23  Ghost  
  31  4:24  SCV  
  34  4:29  Supply Depot  
  34  4:34  Ghost  
  34  4:36  SCV  
  37  4:56  Armory  
  37  5:15  Hellion  
  37  5:16  Ghost  
  37  5:20  Marine  
  42  5:32  Factory  
  42  5:36  Hellion  
  42  5:38  Marine  
  45  6:04  Medivac  
  47  6:12  Supply Depot  
  47  6:32  Factory Reactor  
  47  6:34  Hellbat  
  47  6:35  Supply Depot  
  49  6:42  Supply Depot  
  49  6:56  Hellbat  
  49  6:58  Supply Depot  
  51  7:04  Supply Depot  
  43  7:24  Hellbat x2  
  43  7:27  Supply Depot  
Show
View Real Time Build Order
Export as new Build Order

SandboX Zerg - Winner!

Build Orders: Hatch First 

Get SALT Encoding   

  12  0:01  Drone  
  13  0:12  Overlord  
  13  0:22  Drone  
  14  0:30  Drone x2  
  14  0:34  Drone  
  17  0:55  Hatchery  
  16  1:01  Drone  
  16  1:02  Drone  
  18  1:07  Extractor  
  17  1:21  Spawning Pool  
  17  1:24  Drone  
  17  1:27  Drone  
  17  1:32  Drone  
  19  1:46  Overlord  
  19  2:08  Zergling x4  
  21  2:10  Queen x2  
  21  2:15  Metabolic Boost  
  25  2:19  Drone  
  25  2:22  Drone  
  27  2:26  Drone  
  28  2:40  Drone  
  28  2:41  Drone  
  30  2:54  Hatchery  
  29  2:59  Drone x2  
  29  3:01  Drone  
  29  3:04  Drone  
  33  3:13  Overlord  
  33  3:14  Drone  
  33  3:15  Drone  
  33  3:17  Drone  
  36  3:22  Overlord  
  36  3:33  Drone x4  
  40  3:34  Drone  
  40  3:40  Drone x2  
  43  3:45  Roach Warren  
  42  3:51  Drone x2  
  44  3:57  Extractor  
  44  3:59  Extractor  
  42  4:04  Overlord x2  
  42  4:12  Queen  
  42  4:15  Drone x6  
  50  4:28  Lair  
  50  4:33  Evolution Chamber  
  50  4:35  Evolution Chamber  
  50  4:36  Drone x4  
  52  4:49  Extractor  
  51  4:56  Drone x11  
  51  4:58  Extractor  
  61  5:01  Extractor  
  61  5:03  Extractor  
  59  5:09  Roach x3  
  65  5:19  Zerg Ground Armor Level 1, Zerg Missile Weapons Level 1  
  65  5:27  Roach x4  
  73  5:31  Overlord x2  
  73  5:32  Overlord  
  73  5:41  Glial Reconstitution  
  73  5:47  Hydralisk Den  
  72  5:52  Roach x5  
  72  5:56  Drone x3  
  85  6:08  Roach x4  
  94  6:11  Drone x3  
  94  6:18  Drone x2  
  98  6:20  Overlord x2  
  98  6:38  Overlord x3  
  98  6:39  Overlord  
  98  6:41  Drone x4  
  98  6:42  Drone  
  98  6:44  Roach x2  
  103  7:08  Hydralisk  
  103  7:09  Hydralisk, Roach x8  
  113  7:21  Hydralisk x5  
Tags
 
Add a new tag
Caveats
  • Supply blocks, unpowered buildings, or Contaminate may cause inaccurate times.
  • Supply counts are checked every 10 seconds.